 Dungeon Crawl Stone Soup version bcrawl-1.17.3 (webtiles) character file.

Game seed: 9089557535079588005

205 Chiseanne the Slasher (level 5, -1/41 HPs)
             Began as a Mummy Archaeologist on Oct 26, 2019.
             Slain by an orc priest
             ... wielding a +0 flail
              (4 damage)
             ... on level 3 of the Dungeon.
             The game lasted 00:06:13 (3781 turns).

Chiseanne the Slasher (Mummy Archaeologist)         Turns: 3781, Time: 00:06:14

Health: -1/41      AC:  9    Str: 15    XL:     5   Next: 53%
Magic:  5/5        EV: 11    Int: 14    God:
Gold:   152        SH:  0    Dex: 10    Spells: 4/4 levels left

rFire    x . .     SeeInvis .   s - +0 mace
rCold    + . .     Gourm    .   (no shield)
rNeg     + + +     Faith    .   q - +0 ring mail
rPois    ∞         Spirit   .   r - +1 helmet
rElec    .         Reflect  .   (no cloak)
rCorr    .         Harm     .   (no gloves)
MR       .....     Clarity  +   d - +1 pair of boots
Stlth    +.........             (no amulet)
HPRegen  0.13/turn              (no ring)
MPRegen  0.09/turn              (no ring)

@: studying Long Blades
A: no food or potions, fire vulnerability, clarity, cold resistance 1, negative
energy resistance 3, torment resistance, unbreathing
a: no special abilities


You were on level 3 of the Dungeon.
You were not hungry.

You visited 1 branch of the dungeon, and saw 3 of its levels.

You collected 152 gold pieces.

Inventory:

Hand Weapons
 a - a +0 dagger of speed
 c - a +0 hunting sling
 s - a +0 mace (weapon)
Missiles
 h - 1802 stones (quivered)
 k - 123 sling bullets
 m - a throwing net {!f}
 n - 248 arrows
 p - 24 curare-tipped needles
 t - 122 bolts
Armour
 d - a +1 pair of boots (worn)
 q - a +0 ring mail (worn)
 r - a +1 helmet (worn)
Scrolls
 g - 2 scrolls of identify
 i - a scroll of remove curse
 o - 2 scrolls of immolation {unknown}
Books
 e - a manual of Long Blades
Miscellaneous
 f - an ancient crate


   Skills:
 - Level 3.0 Fighting
 + Level 4.4 Long Blades
 - Level 2.0 Maces & Flails
 - Level 2.4 Dodging
 - Level 2.6 Stealth


You had 4 spell levels left.
You didn't know any spells.
Your spell library was empty.

Dungeon Overview and Level Annotations

Branches:
Dungeon (3/12)

Altars:

Annotations:
D:1 exclusion: downstairs


Innate Abilities, Weirdness & Mutations

You do not eat or drink.
Your flesh is vulnerable to fire.
You are immune to poison.
You possess an exceptional clarity of mind.
Your flesh is cold resistant. (rC+)
You are immune to negative energy. (rN+++)
You are immune to unholy pain and torment.
You can survive without breathing.


Message History

The orc priest hits you but does no damage.
The hobgoblin misses you.
The orc priest hits you but does no damage.
The hobgoblin hits you with a cursed +0 hand axe!
* * * LOW HITPOINT WARNING * * *
The orc priest hits you but does no damage.
The orc priest closely misses you. The orc priest completely misses you.
As you read the scroll of fear, it crumbles to dust.
You assume a fearsome visage.
The hobgoblin looks frightened!
The crimson imp is unaffected.
The orc priest looks frightened!
The orc wizard resists with some effort.
You see here a ration {!d}.
As you read the scroll labeled GOTHRY CAQOXU, it crumbles to dust.
You feel aware of your surroundings.
It was a scroll of magic mapping.
As you read the scroll labeled VUONWO ECWYPU, it crumbles to dust.
You hear a loud clanging noise!
It was a scroll of noise.
The orc priest hits you with a +0 flail.
You die...

,,* **,** *,,,,,,,,#,,...****,,,
>,* *,*****,#****##.,..#**,,***,
,,* *,,,,,,,.## ##.##.##..,,,,**
,** *,,***###.###..#......**,,,,
,*****,,,,,.....#...o.....#***,,,
,,,,***,***#.....oo.##.=..#***,,,
*,,,* *** #.#.####.##,,...**,,,,
*,,,* #.#.###5..#,**,.,,,,**
*,,,* #....@o...#,,***,,***,
*,,,* #...###...#*,,,****,,,
*,,,* #....######**,,,,,,,,*
#,,,*******#..#.### ****,*****
#,,,*,,,,.....#..%###### *,*****
#,,,****#########......# *,,,,,,
*,,,* *,,#...####.# ***,*** *,,,*
**,#.### #.# *,* *,,,* **...* #.#
*,*


You could see an orc priest and a crimson imp.

Vanquished Creatures
  A scorpion (D:3)
  A crimson imp (D:2)
  Jessica (D:3)
  A hound skeleton (D:2)
  An adder (D:2)
  2 oozes
  A worm (D:2)
  2 dart slugs (D:2)
  A leopard gecko (D:2)
  A ball python (D:2)
  4 bats
  3 giant cockroaches
  9 goblins
  10 hobgoblins
  8 jackals
  5 frilled lizards
  4 kobolds
55 creatures vanquished.

Notes
Turn   | Place    | Note
-------+----------+-------------------------------------------
     0 | D:1      | Chiseanne the Mummy Archaeologist began the quest for the
                  | Orb.
     0 | D:1      | Reached XP level 1. HP: 15/15 MP: 1/1
   372 | D:1      | Reached XP level 2. HP: 11/22 MP: 2/2
  1670 | D:2      | Noticed a crimson imp
  1986 | D:2      | Reached XP level 3. HP: 26/29 MP: 3/3
  2056 | D:2      | Reached skill level 1 in Maces & Flails
  2705 | D:2      | Reached XP level 4. HP: 31/35 MP: 4/4
  2793 | D:2      | Reached skill level 1 in Long Blades
  3041 | D:2      | Reached skill level 2 in Long Blades
  3158 | D:3      | Noticed Jessica
  3173 | D:3      | Killed Jessica
  3173 | D:3      | Reached skill level 3 in Long Blades
  3173 | D:3      | Reached XP level 5. HP: 37/41 MP: 5/5
  3372 | D:3      | Noticed an ice beast
  3565 | D:3      | Reached skill level 4 in Long Blades
  3774 | D:3      | HP: 2/41 [hobgoblin/cursed +0 hand axe (7)]
  3781 | D:3      | Slain by an orc priest

Skill      XL: |  1  2  3  4  5 |
---------------+----------------+-----
Fighting       | 2 3 |  3.0
Maces & Flails | 2 |  2.0
Long Blades    | 3 4 |  4.4
Dodging        | |  2.4
Stealth        | |  2.6

Action                   |  1- 3 |  4- 6 || total
-------------------------+-------+-------++-------
Melee: Whip              |    81 |       ||    81
       Mace              |   191 |   123 ||   314
       Dagger            |    23 |       ||    23
Throw: Stone             |     2 |       ||     2
  Use: Scroll            |     3 |     4 ||     7
 Stab: Sleeping          |     4 |       ||     4
Armor: Robe              |   119 |       ||   119
       Ring mail         |     4 |    66 ||    70
Dodge: Dodged            |   196 |    72 ||   268
